 Dungeon Crawl Stone Soup version 0.28-a0-984-g3775c662fe (webtiles) character file.

Game seed: 6706228174944977248

31 demibob the Poker (level 3, 0/27 HPs)
             Began as a Demonspawn Gladiator on Dec 3, 2021.
             Was a Follower of Vehumet.
             Slain by Terence (1 damage)
             ... on level 2 of the Dungeon.
             The game lasted 00:02:18 (1758 turns).

demibob the Poker (Demonspawn Gladiator)            Turns: 1758, Time: 00:02:19

Health: 0/27       AC:  4    Str: 14    XL:     3   Next: 7%
Magic:  0/3        EV: 12    Int: 11    God:    Vehumet [*.....]
Gold:   27         SH:  0    Dex: 14    Spells: 1/2 levels left

rFire   . . .      SeeInvis .   a - +0 trident
rCold   . . .      Faith    .   (no shield)
rNeg    . . .      Spirit   +   b - +0 leather armour
rPois   .          Reflect  .   c - +0 helmet
rElec   .          Harm     .   (no cloak)
rCorr   .          Rampage  .   (no gloves)
Will    .....                   (no boots)
Stlth   +.........              (no amulet)
HPRegen 0.09/turn               (no ring)
MPRegen 0.16/turn               (no ring)

@: brilliant
A: magic shield, magic regeneration
a: Renounce Religion


You were on level 2 of the Dungeon.
You worshipped Vehumet.
Vehumet was aware of your devotion.
You visited 1 branch of the dungeon, and saw 2 of its levels.

You collected 27 gold pieces.


Innate Abilities, Weirdness & Mutations

When hurt, damage is shared between your health and your magic reserves.
You regenerate magic rapidly.


   Skills:
 - Level 2.0 Fighting
 * Level 3.8 Polearms
 - Level 1.7 Throwing
 - Level 2.6 Dodging
 + Level 0.4 Conjurations


You had one spell level left.
You knew the following spells:

 Your Spells              Type           Power      Damage    Failure   Level
z - Shock                 Conj/Air       0%         1d3       38%         1

Your spell library contained the following spells:

 Spells                   Type           Power      Damage    Failure   Level


Inventory:

Hand Weapons
 a - a +0 trident (weapon)
Missiles
 d - 3 throwing nets (quivered) {=f}
Armour
 b - a +0 leather armour (worn)
 c - a +0 helmet (worn)

Dungeon Overview and Level Annotations

Branches:
Dungeon (2/15)

Altars:
Vehumet

Annotations:
D:2 Terence

,,,,,*
#.#<########.##...#
,,,*,* #.#.#
#.##...## ,,**,*
#.#.# #.##.....
****,* #.#.#
#.#..####
*,********#.#.#
#.#.##
*,,,,,,,,*#.#.#
#.#.#
*,,*****,*#.#.#
#.#.# ****,,*
*,*#.#.# #.#.####
,,,,,,** *,*#.#@#
#.#....## **,,,,,*
*,**,#@# #.#.###.#
*,***,****,**,#.#
#..## ##. **,*
*,,,,,,,,,#.# #..#
#.
**,***,******,*#.#
#..## ##. ,,,,,,,*
**,*#.# #...###..
***,**** *,,,..#
##.#..... * *,*
*,,*### #.#..###
*,* *,,* ##.#...##


You could see Terence.


Message History

Unknown command.
Casting: Shock (safe; 38% risk of failure)
Confirm with . or Enter, or press ? or * to list all spells.
Okay, then.
You barely miss Terence.
Terence is moderately wounded.
Terence asks, "Do you want it fast or slow?"
Terence hits you but does no damage.
You closely miss Terence.
Terence is moderately wounded.
Terence closely misses you.
You hit Terence but do no damage.
Terence is moderately wounded.
Terence hits you with a +0 mace.
* * * LOW HITPOINT WARNING * * *
You hit Terence but do no damage.
Terence is moderately wounded.
Terence hits you with a +0 mace.
* * * LOW HITPOINT WARNING * * *
You hit Terence.
Terence is moderately wounded.
Terence completely misses you.
You completely miss Terence.
Terence is moderately wounded.
Terence hits you with a +0 mace. x2
* * * LOW HITPOINT WARNING * * *
Your leather armour prevents you from hitting Terence.
Terence is moderately wounded.
Terence hits you with a +0 mace.
You die...

Skill      XL: |  1 |
---------------+----+-----
Polearms       | 3 |  3.8
Fighting       | |  2.0
Throwing       | |  1.7
Dodging        | |  2.6
Conjurations   | |  0.4

Action                   || total
-------------------------++-------
Melee: Trident           ||    80
 Cast: Shock             ||     1
  Use: Scroll            ||     4
       Potion            ||     2
 Stab: Sleeping          ||     2
Armor: Leather armour    ||    12
Dodge: Dodged            ||    40

Levels and vault maps discovered:
D:1:      lemuel_arrival_cross, layout_basic,
          hellmonk_ecumenical_altar_inner_sanctum
D:2:      layout_loops_ring, uniq_terence, uniq_crazy_yiuf_cottage

Notes
Turn   | Place    | Note
-------+----------+-------------------------------------------
     0 | D:1      | demibob the Demonspawn Gladiator began the quest for the
                  | Orb.
     0 | D:1      | Reached XP level 1. HP: 16/16 MP: 1/1
   234 | D:1      | Reached skill level 3 in Polearms
   433 | D:1      | Gained mutation: You regenerate magic rapidly. [demonic
                  | ancestry]
   433 | D:1      | Reached XP level 2. HP: 21/22 MP: 2/2
   609 | D:1      | Found a faded altar of an unknown god.
  1145 | D:1      | Prayed at the altar of an unknown god.
  1145 | D:1      | Became a worshipper of Vehumet
  1145 | D:1      | Reached * piety under Vehumet
  1145 | D:1      | Offered knowledge of Shock by Vehumet.
  1148 | D:1      | Learned a level 1 spell: Shock
  1497 | D:2      | Gained mutation: When hurt, damage is shared between your
                  | health and your magic reserves. [demonic ancestry]
  1497 | D:2      | Reached XP level 3. HP: 27/27 MP: 3/3
  1743 | D:2      | Noticed Terence
  1757 | D:2      | HP: 1/27 [Terence (2)]
  1758 | D:2      | Slain by Terence

Vanquished Creatures
  A worm (D:2)
  2 dart slugs
  An orc (D:2)
  A ball python (D:1)
  2 bats (D:1)
  2 endoplasms (D:1)
  4 goblins (D:1)
  A hobgoblin (D:1)
  A kobold (D:1)
  A quokka (D:2)
  3 frilled lizards
  3 rats (D:1)
22 creatures vanquished.

Table legend: (Time is in decaauts)
 A = Elapsed time spent in this place.
 B = Non-inter-level travel time spent in this place.
 C = Inter-level travel time spent in this place.
 D = Time resting spent in this place.
 E = Time spent auto-exploring this place.
 F = Levels seen in this place.
 G = Mean time per level.
                   A        B        C        D        E       F      G
               +--------+--------+--------+--------+--------+-----+--------+
         Total |   1767 |   1732 |     35 |    144 |   1391 |   2 |  883.5 |
       Dungeon |   1767 |   1732 |     35 |    144 |   1391 |   2 |  883.5 |
               +--------+--------+--------+--------+--------+-----+--------+

Top non-repeatable levels by time:
     D:1: 1171 daAuts
     D:2: 595 daAuts

Table legend:
 A = Non-vault XP
 B = Vault XP
 C = Vault XP percentage of total XP
 D = Non-vault monster count
 E = Vault monster count
 F = Vault count percentage of total count
                 A         B        C        D         E       F
            +---------+---------+-------+---------+---------+-------
      Total |      45 |       0 |   0.0 |      22 |       0 |   0.0
            +---------+---------+-------+---------+---------+-------
        D:1 |      29 |       0 |   0.0 |      16 |       0 |   0.0
        D:2 |      16 |       0 |   0.0 |       6 |       0 |   0.0
            +---------+---------+-------+---------+---------+-------
